 Dungeon Crawl Stone Soup version 0.30-a0-830-gfe289a77b0 (webtiles) character file.

Game seed: 3219226214121435136

2574 NinjaNoafa the Magician (level 9, -9/71 HPs)
             Began as a Gnoll Warper on Feb 28, 2023.
             Was an Initiate of Ashenzari.
             Mangled by a gnoll bouda
             ... wielding a +0 club
              (10 damage)
             ... on level 7 of the Dungeon.
             The game lasted 00:23:30 (4911 turns).

NinjaNoafa the Magician (Gnoll Warper)              Turns: 4911, Time: 00:23:31

Health: -9/71      AC:  5    Str: 12    XL:     9   Next: 57%
Magic:  1/19       EV: 13    Int: 23    God:    Ashenzari [......]
Gold:   294        SH:  0    Dex: 10    Spells: 7/21 levels left

rFire   . . .      SeeInvis .    a - +7 quarterstaff of Pride {heavy, Contam rC++ Int+8 Dex-2}
rCold   + + +      Faith    .    (shield currently unavailable)
rNeg    . . .      Spirit   .    w - +2 robe {rC+}
rPois   .          Reflect  .    o - +0 helmet "Oracular Oracle" {Range, Evo} (curse)
rElec   .          Harm     .    (no cloak)
rCorr   .          Rampage  .    (no gloves)
Will    .....                    (no boots)
Stlth   ++                       t - amulet of magic regeneration
HPRegen 0.31/turn                u - ring of flight
MPRegen 0.56/turn                (no ring)

@: weakened, on blink cooldown, flying
A: fangs 1, strong nose, distributed training
a: Renounce Religion, Curse Item, Shatter the Chains


You were on level 7 of the Dungeon.
You worshipped Ashenzari.
Ashenzari was noncommittal.
You visited 2 branches of the dungeon, and saw 8 of its levels.

You collected 294 gold pieces.

Inventory:

Hand Weapons
 a - the +7 quarterstaff of Pride (weapon) {heavy, Contam rC++ Int+8 Dex-2}
   (You found it on level 3 of the Dungeon)

   Int:       It affects your intelligence (+8).
   Dex:       It affects your dexterity (-2).
   rC:        It greatly protects you from cold.
   Contam:    It causes magical contamination when unequipped.
 b - a +0 dagger of venom
Missiles
 d - 6 boomerangs of dispersal
 l - 21 poisoned darts (quivered)
 q - 3 throwing nets
 D - 2 boomerangs
Armour
 o - the cursed +0 helmet "Oracular Oracle" (worn) {Range, Evo}
   (You took it off Robin on level 3 of the Dungeon)

   It has a curse which improves the following skills: Ranged Combat: Ranged
   Weapons and Throwing.
   Evocations: Evocations.
 w - a +2 robe of cold resistance (worn)
 F - a +0 cloak
Jewellery
 t - an amulet of magic regeneration (around neck)
 u - a ring of flight (left hand)
Wands
 e - a wand of roots (7)
 i - a wand of mindburst (6)
Scrolls
 c - a scroll of blinking
 f - 2 scrolls of fear
 g - 3 scrolls of enchant weapon
 k - 2 scrolls of poison
 n - a scroll of immolation
 p - a scroll of fog
 x - a scroll of torment
 y - a scroll of enchant armour {unknown}
 A - a scroll of noise {unknown}
 B - a scroll of summoning {unknown}
 C - a scroll of identify
 E - a scroll of amnesia {unknown}
 G - a scroll of teleportation {unknown}
Potions
 h - 2 potions of mutation
 j - a potion of attraction
 m - a potion of might
 r - a potion of ambrosia
 s - a potion of magic
 v - a potion of brilliance
 z - 2 potions of curing


   Skills:
 + Level 6.5 Fighting
 + Level 4.5 Short Blades
 + Level 6.5 Long Blades
 + Level 4.5 Axes
 + Level 4.5 Maces & Flails
 + Level 4.5 Polearms
 + Level 4.5 Staves
 + Level 4.5(5.0) Ranged Weapons
 + Level 5.3(5.7) Throwing
 + Level 5.3 Armour
 + Level 6.5 Dodging
 + Level 4.5 Stealth
 + Level 4.5 Shields
 + Level 4.5 Unarmed Combat
 + Level 6.8 Spellcasting
 + Level 3.7 Conjurations
 + Level 3.7 Hexes
 + Level 3.7 Summonings
 + Level 3.7 Necromancy
 + Level 6.7 Translocations
 + Level 3.7 Transmutations
 + Level 3.7 Fire Magic
 + Level 3.7 Ice Magic
 + Level 3.7 Air Magic
 + Level 3.7 Earth Magic
 + Level 3.7 Poison Magic
 + Level 5.0 Invocations
 + Level 4.5(5.0) Evocations


You had 7 spell levels left.
You knew the following spells:

 Your Spells              Type           Power      Damage    Failure   Level
a - Blink                 Tloc           76%        N/A       1%          2
b - Lesser Beckoning      Tloc           76%        N/A       1%          2
c - Teleport Other        Tloc           38%        N/A       1%          3
d - Vhi's Electric Charg  Tloc/Air       64%        N/A       2%          3
e - Manifold Assault      Tloc           38%        N/A       4%          4

Your spell library contained the following spells:

 Spells                   Type           Power      Damage    Failure   Level
 Tukima's Dance           Hex            25%        N/A       4%          3
 Passage of Golubria      Tloc           38%        N/A       4%          4
 Yara's Violent Unravell  Hex/Tmut       12%        3d7       43%         5


Dungeon Overview and Level Annotations

Branches:
Dungeon (7/15)             Temple (1/1) D:5

Altars:
Ashenzari
Cheibriados
Dithmenos
Elyvilon
Fedhas
Gozag
Hepliaklqana
Kikubaaqudgha
Nemelex Xobeh
Qazlal
Ru
Sif Muna
Trog
Uskayaw
Wu Jian
Xom
Yredelemnul
Zin
The Shining One

Shops:
D:2 [


Innate Abilities, Weirdness & Mutations

You have very sharp teeth.
Your uncanny sense of smell can sniff out nearby items.
Your experience applies equally to all skills.


Message History

The wyvern bites you!
* * * LOW HITPOINT WARNING * * *
The gnoll bouda closely misses you.
The gnoll bouda barks out a call to the hunt!
The gnolls pick up the pace!
The gnoll hits you from afar with a +3 spear!
* * * LOW HITPOINT WARNING * * *
The gnoll moves out of view.
Unknown command.
Unknown command.
Casting: Vhi's Electric Charge (mildly dangerous; 2% risk of failure)
Confirm with . or Enter, or press ? or * to list all spells.
You blink.
The gnoll bouda barks out a call to the hunt!
The gnoll bouda picks up the pace!
The wyvern closely misses you.
You hear a shout!
You closely miss the wyvern. The wyvern barely misses you.
The gnoll hits you from afar with a +3 spear.
* * * LOW HITPOINT WARNING * * *
The gnoll bouda gazes fiercely through you!
You feel your attacks grow feeble. The wyvern misses you.
Casting: Blink (safe; 1% risk of failure)
Confirm with . or Enter, or press ? or * to list all spells.
Space momentarily warps into an impossible shape!
You thump the gnoll! You hit the gnoll. You barely miss the wyvern.
You feel stable enough to blink again. The wyvern barely misses you. x2
The gnoll hits you from afar with a +3 spear!
* * * LOW HITPOINT WARNING * * *
The gnoll bouda hits you with a +0 club.
* * * LOW HITPOINT WARNING * * *
The wyvern bites you.
* * * LOW HITPOINT WARNING * * *
Casting: Manifold Assault (dangerous; 4% risk of failure)
Confirm with . or Enter, or press ? or * to list all spells.
You blink.
The gnoll bouda hits you with a +0 club!
You die...

###..## #...# #.#
#..... # ..# #.#.#
#.###.#### # ..#
#.#.# #.....# #∆ ..#
#.#.# ###.### # #.#.#
#.# # ##.#.### #.# #
. ##......# #.# #
#g.###.#.....######.#
#
#.....).g@..........#
#
#.###gglg...######.#
#......g)§..######.#
######.)...).......#
##)#.##########
...#.# #####.# #.#
#.#


You could see a wyvern, 2 gnoll boudas and 3 gnolls.

Vanquished Creatures
  Pikel (D:4)
  Menkaure (D:5)
  A water moccasin (D:5)
  2 ice beasts
  A sky beast (D:6)
  An orc warrior (D:7)
  A black bear (D:5)
  A centaur (D:6)
  4 lemures
  2 phantoms
  2 scorpions
  5 wights (D:7)
  A jelly (D:5)
  4 hounds
  3 orc priests
  Crazy Yiuf (D:6)
  3 iguanas
  Ijyb (D:4)
  4 orc wizards
  Natasha (twice) (D:3)
  Robin (D:3)
  5 adders
  13 gnolls
  A shadow imp (D:5)
  2 white imps (D:6)
  An ufetubus (D:4)
  A worm (D:2)
  2 dart slugs
  13 orcs
  7 ball pythons
  9 endoplasms
  4 giant cockroaches
  10 goblins
  7 hobgoblins
  2 quokkas (D:2)
  A bat (D:3)
  A frilled lizard (D:2)
  8 kobolds
  8 rats
137 creatures vanquished.

Vanquished Creatures (others)
  2 plants (D:7)
2 creatures vanquished.

Grand Total: 139 creatures vanquished

Notes
Turn   | Place    | Note
-------+----------+-------------------------------------------
     0 | D:1      | NinjaNoafa the Gnoll Warper began the quest for the Orb.
     0 | D:1      | Reached XP level 1. HP: 20/20 MP: 6/6
   261 | D:1      | Reached XP level 2. HP: 25/26 MP: 7/7
   326 | D:1      | Learned a level 2 spell: Blink
   329 | D:1      | Learned a level 2 spell: Lesser Beckoning
   844 | D:2      | Reached skill level 5 in Spellcasting
   844 | D:2      | Reached XP level 3. HP: 25/31 MP: 7/9
  1126 | D:2      | Found a faded altar of an unknown god.
  1159 | D:2      | Found Aqeoss's Armour Emporium.
  1163 | D:2      | Reached skill level 1 in Invocations
  1265 | D:2      | Reached skill level 1 in Short Blades
  1265 | D:2      | Reached skill level 1 in Axes
  1265 | D:2      | Reached skill level 1 in Maces & Flails
  1265 | D:2      | Reached skill level 1 in Polearms
  1265 | D:2      | Reached skill level 1 in Staves
  1265 | D:2      | Reached skill level 1 in Ranged Weapons
  1265 | D:2      | Reached skill level 1 in Stealth
  1265 | D:2      | Reached skill level 1 in Shields
  1265 | D:2      | Reached skill level 1 in Unarmed Combat
  1265 | D:2      | Reached skill level 1 in Evocations
  1399 | D:2      | Reached XP level 4. HP: 23/38 MP: 8/11
  1403 | D:2      | Learned a level 3 spell: Teleport Other
  1531 | D:3      | Noticed a scorpion
  1538 | D:3      | Killed a scorpion
  1539 | D:3      | Reached skill level 1 in Conjurations
  1539 | D:3      | Reached skill level 1 in Hexes
  1539 | D:3      | Reached skill level 1 in Summonings
  1539 | D:3      | Reached skill level 1 in Necromancy
  1539 | D:3      | Reached skill level 1 in Transmutations
  1539 | D:3      | Reached skill level 1 in Fire Magic
  1539 | D:3      | Reached skill level 1 in Ice Magic
  1539 | D:3      | Reached skill level 1 in Air Magic
  1539 | D:3      | Reached skill level 1 in Earth Magic
  1539 | D:3      | Reached skill level 1 in Poison Magic
  1539 | D:3      | Reached XP level 5. HP: 18/43 MP: 7/12
  1543 | D:3      | Learned a level 3 spell: Vhi's Electric Charge
  1606 | D:3      | HP: 1/43 [iguana (6)]
  1879 | D:3      | Identified the +7 quarterstaff of Pride {heavy, Contam rC++
                  | Int+8 Dex-2}
  1919 | D:3      | Noticed Natasha
  1943 | D:3      | Noticed Robin
  1949 | D:3      | Killed Robin
  1961 | D:3      | Killed Natasha
  1962 | D:3      | Reached XP level 6. HP: 31/50 MP: 0/13
  2207 | D:4      | Reached skill level 5 in Fighting
  2207 | D:4      | Reached skill level 5 in Long Blades
  2207 | D:4      | Reached skill level 5 in Dodging
  2504 | D:3      | Learned a level 4 spell: Manifold Assault
  2507 | D:3      | Noticed Natasha
  2518 | D:3      | Killed Natasha
  2558 | D:4      | Noticed Pikel
  2701 | D:4      | Noticed Ijyb
  2704 | D:4      | Killed Ijyb
  2919 | D:4      | Killed Pikel
  2920 | D:4      | Reached XP level 7. HP: 34/56 MP: 3/15
  2920 | D:4      | Reached XP level 8. HP: 39/63 MP: 3/16
  2960 | D:5      | Entered Level 5 of the Dungeon
  2968 | D:5      | Noticed Menkaure
  3365 | D:5      | Killed Menkaure
  3439 | D:5      | Found a staircase to the Ecumenical Temple.
  3452 | Temple   | Entered the Ecumenical Temple
  3568 | Temple   | Became a worshipper of Ashenzari the Shackled
  3864 | D:5      | Found a sacrificial altar of Ru.
  3899 | D:6      | Reached XP level 9. HP: 69/69 MP: 5/18
  4291 | D:6      | Identified the +6 dagger "Onkom" {spect, Int+2}
  4514 | D:6      | Found a runed translucent door.
  4515 | D:6      | Noticed Crazy Yiuf
  4526 | D:6      | Killed Crazy Yiuf
  4677 | D:7      | Found an ornate altar of the Wu Jian Council.
  4722 | D:7      | Reached skill level 5 in Throwing
  4722 | D:7      | Reached skill level 5 in Armour
  4724 | D:7      | Found a sparkling altar of Nemelex Xobeh.
  4832 | D:7      | Reached skill level 5 in Invocations
  4910 | D:7      | HP: 1/71 [wyvern (3)]
  4911 | D:7      | Mangled by a gnoll bouda

Illustrated notes

Levels and vault maps discovered:
D:1:      psy_arrival_spokes, layout_loops_corners
D:2:      layout_loops_cross, shapermc_ecumenical_altar_petra, serial_shops,
          nicolae_shop_statue_plus
D:3:      layout_rooms, uniq_natasha, uniq_robin
D:4:      layout_basic, uniq_ijyb, uniq_pikel
D:5:      layout_cave_pools, nicolae_ru_the_path_less_chosen,
          minmay_temple_entry_statues_pillars, chequers_serial_rivers_micro_c,
          minmay_misc_feat_rows, amcnicky_mini_pool_small, uniq_menkaure
D:6:      layout_basic, uniq_crazy_yiuf_cottage
D:7:      layout_loops_ring, nzn_wu_jian_council_hall,
          mainiacjoe_overflow_boulevard, serial_shops, nicolae_lakefront_shop
Temple:   eino_temple_scatter_basement

Skill      XL: |  1  2  3  4  5  6  7  8  9 |
---------------+----------------------------+-----
Spellcasting   | 5 6 |  6.8
Invocations    | 1 2 3 4 5 |  5.0
Short Blades   | 1 3 4 |  4.5
Axes           | 1 3 4 |  4.5
Maces & Flails | 1 3 4 |  4.5
Polearms       | 1 3 4 |  4.5
Staves         | 1 3 4 |  4.5
Ranged Weapons | 1 3 4 |  4.5
Stealth        | 1 3 4 |  4.5
Shields        | 1 3 4 |  4.5
Unarmed Combat | 1 3 4 |  4.5
Evocations     | 1 3 4 |  4.5
Conjurations   | 1 2 3 |  3.7
Hexes          | 1 2 3 |  3.7
Summonings     | 1 2 3 |  3.7
Necromancy     | 1 2 3 |  3.7
Transmutations | 1 2 3 |  3.7
Fire Magic     | 1 2 3 |  3.7
Ice Magic      | 1 2 3 |  3.7
Air Magic      | 1 2 3 |  3.7
Earth Magic    | 1 2 3 |  3.7
Poison Magic   | 1 2 3 |  3.7
Throwing       | 3 4 5 |  5.3
Armour         | 3 4 5 |  5.3
Fighting       | 5 6 |  6.5
Long Blades    | 5 6 |  6.5
Dodging        | 5 6 |  6.5
Translocations | 6 |  6.7

Action                     |  1- 3 |  4- 6 |  7- 9 || total
---------------------------+-------+-------+-------++-------
  Melee: Falchion          |    92 |    46 |       ||   138
         Bite              |     8 |    10 |     4 ||    22
         Dagger            |       |    13 |       ||    13
         Quarterstaff      |       |    73 |   127 ||   200
         Punch             |       |     1 |       ||     1
  Throw: Boomerang         |       |     1 |       ||     1
   Cast: Lesser Beckoning  |     6 |     1 |       ||     7
         Blink             |       |     6 |     8 ||    14
         Vhi's Electric Ch |       |    29 |    28 ||    57
         Manifold Assault  |       |     7 |    37 ||    44
 Invoke: Curse Item        |       |       |     1 ||     1
    Use: Potion            |     2 |       |       ||     2
         Scroll            |       |    10 |     2 ||    12
   Stab: Sleeping          |       |     1 |       ||     1
 Armour: Leather armour    |    17 |    42 |       ||    59
         Robe              |       |       |    15 ||    15
  Dodge: Dodged            |    65 |    98 |    50 ||   213

Table legend: (Time is in decaauts)
 A = Elapsed time spent in this place.
 B = Non-inter-level travel time spent in this place.
 C = Inter-level travel time spent in this place.
 D = Time resting spent in this place.
 E = Time spent auto-exploring this place.
 F = Levels seen in this place.
 G = Mean time per level.
                   A        B        C        D        E       F      G
               +--------+--------+--------+--------+--------+-----+--------+
         Total |   5023 |   4430 |    593 |    154 |   1801 |   8 |  627.9 |
       Dungeon |   4818 |   4243 |    575 |    154 |   1696 |   7 |  688.3 |
        Temple |    204 |    186 |     18 |      0 |    105 |   1 |  204.0 |
               +--------+--------+--------+--------+--------+-----+--------+

Top non-repeatable levels by time:
     D:6: 851 daAuts
     D:1: 840 daAuts
     D:4: 819 daAuts
     D:3: 791 daAuts
     D:2: 609 daAuts
     D:5: 578 daAuts
     D:7: 327 daAuts
  Temple: 204 daAuts
